 Dungeon Crawl Stone Soup version 0.19.5 (webtiles) character file.

486579 StormySan the Axe Maniac (level 23, -3/270 HPs)
             Began as a Minotaur Berserker on Mar 16, 2017.
             Was the Champion of Trog.
             Splashed with acid (6 damage)
             ... on level 1 of the Pits of Slime on Mar 21, 2017.
             The game lasted 04:21:46 (45693 turns).

StormySan the Axe Maniac (Minotaur Berserker)      Turns: 45693, Time: 04:21:47

Health: -3/270     AC: 39    Str: 34    XL:     23   Next: 80%
Magic:  13/13      EV: 25    Int:  5    God:    Trog [******]
Gold:   4788       SH:  7    Dex: 13    Spells: 0 memorised, 22 levels left

rFire  . . .     SeeInvis .     E - +8 battleaxe (freeze)
rCold  . . .     Gourm    .     X - +5 crystal plate armour
rNeg   . . .     Faith    .     (shield currently unavailable)
rPois  .         Spirit   .     (helmet restricted)
rElec  +         Reflect  +     d - +2 cloak
rCorr  .         Harm     .     I - +0 pair of gloves
MR     ++++.                    L - +2 pair of boots
Stlth  ..........               N - amulet "Tycw" {Reflect rElec MR+ MP-9 SH+3}
                                y - +2 ring of slaying
                                b - ring "Isetaus" {MR+ EV+6}

@: about to teleport
A: retaliatory headbutt, claws 1, hooves 1, horns 2, large bone plates 1, thin
metallic scales 2, agile 1, blink, deformed body, deterioration 1, magic
resistance 1, robust 2, electricity resistance, strong 2, no device heal 1
a: Blink, Berserk, Trog's Hand, Brothers in Arms, Burn Spellbooks, Renounce
Religion
}: 2/15 runes: decaying, serpentine


You were on level 1 of the Pits of Slime.
You worshipped Trog.
Trog was exalted by your worship.
You were not hungry.

You visited 8 branches of the dungeon, and saw 41 of its levels.
You visited the Abyss 1 time.
You visited 1 ziggurat, and saw 4 of its levels.
You also visited: Labyrinth, Ice Cave and Wizlab.

You collected 5103 gold pieces.
You spent 315 gold pieces at shops.

Inventory:

Hand Weapons
 p - a +5 battleaxe of electrocution
 v - a +3 broad axe of flaming
 D - the +5 war axe of Conscience {antimagic, MP+9 Stlth+}
   (You found it on level 4 of the Snake Pit)

   It reduces the magical energy of the wielder, and disrupts the spells and
   magical abilities of those hit.
   Natural abilities and divine invocations are not affected.
   It affects your magic capacity (+9).
   It makes you more stealthy.
 E - a +8 battleaxe of freezing (weapon)
 Z - a +3 executioner's axe of chopping
Missiles
 A - 12 silver javelins (quivered)
Armour
 d - a +2 cloak (worn)
 q - +0 gold dragon scales
 I - a +0 pair of gloves (worn)
 L - a +2 pair of boots (worn)
 X - a +5 crystal plate armour (worn)
Jewellery
 b - the ring "Isetaus" (left hand) {MR+ EV+6}
   (You found it on level 1 of the Swamp)

   [ring of evasion]

   It affects your evasion (+6).
   It affects your resistance to hostile enchantments.
 h - an uncursed ring of flight
 r - the amulet "Lifamu" {+Rage rF+ rN++ Str-5 Dex+4}
   (You found it in a wizard's laboratory)

   [amulet of rage]

   It affects your strength (-5).
   It affects your dexterity (+4).
   It protects you from fire.
   It greatly protects you from negative energy.
   It lets you go berserk.
 x - an uncursed ring of ice
 y - a +2 ring of slaying (right hand)
 K - an uncursed ring of positive energy
 N - the amulet "Tycw" (around neck) {Reflect rElec MR+ MP-9 SH+3}
   (You found it on level 11 of the Dungeon)

   [amulet of reflection]

   It shields you and reflects attacks.
   It insulates you from electricity.
   It affects your resistance to hostile enchantments.
   It affects your magic capacity (-9).
   It affects your SH (+3).
 S - an uncursed ring of protection from cold
Wands
 f - a wand of flame (20/48)
 m - a wand of polymorph (13/24)
 u - a wand of teleportation (5/9)
 w - a wand of acid (6/15)
 B - a wand of digging (21/24)
 C - a wand of disintegration (7/24)
 G - a wand of disintegration (13/24)
 P - a wand of slowing (9/48)
Scrolls
 a - 3 scrolls of fog
 e - 9 scrolls of identify
 j - 4 scrolls of fear
 l - 6 scrolls of teleportation
 n - 3 scrolls of magic mapping
 F - 13 scrolls of remove curse
 M - a scroll of silence
 Q - 6 scrolls of summoning
 T - 8 scrolls of recharging
 W - 2 scrolls of enchant weapon
 Y - 2 scrolls of enchant armour
Potions
 g - 8 potions of flight
 i - 3 potions of agility
 t - a potion of might
 H - 5 potions of cancellation
 J - 4 potions of brilliance
 O - 3 potions of cure mutation
 U - 8 potions of curing
 V - a potion of berserk rage
Miscellaneous
 k - a sack of spiders
 s - a phial of floods
 R - 2 phantom mirrors
Comestibles
 c - 31 bread rations
 z - 5 meat rations


   Skills:
 + Level 22.7 Fighting
 O Level 27 Axes
 + Level 22.8 Armour
 + Level 21.6 Dodging


You had 22 spell levels left.
You didn't know any spells.

Dungeon Overview and Level Annotations

Branches:
Dungeon (15/15)            Temple (0/1) D:6            Lair (6/6) D:9
  Swamp (4/4) Lair:3        Snake (4/4) Lair:2        Slime (1/5) Lair:6
    Orc (2/2) D:12            Elf (0/3) Orc:2        Vaults (4/5) D:14
  Crypt (0/3) Vaults:3     Depths (5/5) D:15            Zot (0/5) Depths:5

Altars:
Ashenzari
Gozag
Qazlal
Ru
Vehumet
Yredelemnul
Beogh
Jiyva

Shops:
D:5 ?   D:8 *   D:12 :!?(   D:13 }(=(   Orc:1 :   Orc:2 =*[   Snake:2 [
Snake:3 %   Depths:2 (

Portals:
Hell: Depths:1 Depths:2 Depths:4 Depths:5
Abyss: Depths:4
Pandemonium: Depths:2

Annotations:
Snake:3 exclusion: 2 oklob plants
Depths:3 exclusion: orange crystal statue


Innate Abilities, Weirdness & Mutations

You reflexively headbutt those who attack you in melee.
You have a pair of horns on your head.
You have sharp fingernails.
You have large cloven feet.
You are partially covered in large bone plates. (SH +4)
You are mostly covered in thin metallic scales. (AC +3)
You are agile. (Dex +2)
You can translocate small distances at will.
Armour fits poorly on your strangely shaped body.
Your body sometimes deteriorates upon taking damage.
You are resistant to hostile enchantments. (MR+)
You are very robust. (+20% HP)
You are resistant to electric shocks. (rElec)
Your muscles are very strong. (Str +4)
Potions and wands are less effective at restoring your health.


Message History

You hit the shining eye. You freeze the shining eye.
You kill the shining eye!
Trog accepts your kill.
You are splashed with acid!
The walls burn you!
Partly explored, can't reach some places.
You are splashed with acid!
The walls burn you!
You are splashed with acid!
The walls burn you!
You are splashed with acid!
The walls burn you!
You are splashed with acid!
The walls burn you!
You are splashed with acid!
The walls burn you!
* * * LOW HITPOINT WARNING * * *
You are splashed with acid!
The walls burn you!
* * * LOW HITPOINT WARNING * * *
As you read the scroll of teleportation, it crumbles to dust.
You feel strangely unstable.
You are splashed with acid!
The walls burn you!
* * * LOW HITPOINT WARNING * * *
You are splashed with acid!
The walls burn you!
* * * LOW HITPOINT WARNING * * *
You are splashed with acid!
The wall burns you!
You die...

##...#.#...##..
##.#............
#...............
##.##.##...<....
#...............
###..............
######................
##.##.....^.###........
#.....@..#.###.........
##.##.#.##..#..........
#####.......#......#..
##.##..###....#...
###.##.#......... .
............
#......#.....
#.....##..... ##.###
##.#..


There were no monsters in sight!

Vanquished Creatures
  Mennas (Depths:4)
  the Lernaean hydra (Swamp:4)
  Sojobo (Vaults:4)
  A shard shrike (Zig:4)
  3 golden dragons
  A mutant beast (WizLab)
  2 liches
  A tentacled monstrosity (Depths:4)
  Rupert (Lair:3)
  A titan (Depths:5)
  The ghost of Agrougrou the Shatterer, an adept OgGl of Okawaru (Orc:2)
  2 acid blobs (Slime:1)
  A quicksilver dragon (Depths:4)
  4 sphinxes
  Gastronok (Lair:3)
  A tentacled starspawn (Abyss:3)
  8 tengu reavers
  A shadow dragon (Depths:2)
  2 thorn hunters
  2 storm dragons
  An azure jelly (Slime:1)
  8 frost giants
  2 fire giants (Vaults:1)
  13 nagarajas
  6 vault wardens
  A balrug (Depths:2)
  The ghost of galech the Severer, a journeyman DDFi of Makhleb (D:14)
  A draconian scorcher (Depths:5)
  The ghost of winWinterter the Brawler, a journeyman TrHu of Jiyva (D:14)
  A juggernaut zombie (Depths:1)
  4 orc warlords
  Aizul (Vaults:3)
  A caustic shrike skeleton (Depths:2)
  12 ironheart preservers
  3 spriggan defenders (Depths:5)
  15 stone giants
  A draconian caller (Depths:5)
  16 very ugly things
  2 vampire knights (Vaults:3)
  A green draconian (Depths:5)
  4 entropy weavers
  A deep elf annihilator (Depths:4)
  Azrael (Snake:2)
  A yellow draconian (Depths:5)
  3 deep elf demonologists
  A dire elephant (D:15)
  An eidolon (Depths:3)
  2 purple draconians (Depths:5)
  A deep elf death mage (Vaults:2)
  A minotaur (Lab)
  3 jiangshi (Depths:5)
  12 fire dragons
  2 crystal guardians
  4 ettins
  6 great orbs of eyes
  Erolcha (Orc:1)
  4 rakshasas
  Fannar (Lair:3)
  28 hydras
  19 yaktaur captains
  Harold (Orc:1)
  2 vault guards (Vaults:3)
  16 naga warriors
  10 ice dragons
  6 spriggan air magi
  A death knight (D:13)
  A catoblepas (D:12)
  17 centaur warriors
  5 deep troll shamans
  Erica (Orc:1)
  7 anacondas
  3 tengu warriors
  2 vampire magi
  12 alligators
  Urug (D:13)
  11 ogre magi
  6 deep troll earth magi
  3 thrashing horrors (Abyss:3)
  33 naga sharpshooters
  5 orc high priests
  6 shock serpents
  A hell hog (shapeshifter) (Zig:2)
  2 spriggan berserkers
  An iron golem (WizLab)
  An iron troll (Depths:2)
  A sun demon (Depths:2)
  12 hell knights
  A golden dragon zombie (Depths:2)
  3 unseen horrors
  24 deep trolls
  4 salamander mystics
  2 fire crabs (shapeshifter)
  2 shadow wraiths
  The ghost of Agrougrou the Basher, a novice OgGl of Okawaru (D:6)
  2 flayed ghosts
  An unseen horror (shapeshifter) (Depths:2)
  10 sea snakes
  7 skeletal warriors
  2 shambling mangroves
  10 swamp dragons
  6 naga ritualists
  8 hill giants
  11 necromancers
  6 wizards
  7 ironbrand convokers
  2 lindwurms (Lair:6)
  3 glowing orange brains
  A spectral hydra (Depths:3)
  4 phantasmal warriors
  6 deep elf archers
  2 orb spiders (shapeshifter)
  3 harpies (shapeshifter) (WizLab)
  A wolf spider zombie (D:15)
  4 harpies (Vaults:2)
  67 ugly things
  7 manticores
  An orb spider (Zig:3)
  9 mana vipers
  27 orc knights
  8 wolf spiders
  A shining eye (Slime:1)
  13 deep elf magi
  10 salamanders
  8 orc sorcerers
  6 cyclopes
  A sphinx zombie (Depths:2)
  A stone giant skeleton (Vaults:2)
  3 worldbinders (Abyss:3)
  A salamander (shapeshifter) (Depths:4)
  An elephant (shapeshifter) (WizLab)
  41 black mambas
  10 guardian serpents
  A black mamba (shapeshifter) (Depths:1)
  A frost giant skeleton (Depths:2)
  2 ice statues
  A titan simulacrum (Depths:1)
  2 guardian serpents (shapeshifter)
  An apocalypse crab (Zig:2)
  4 centaur zombies
  2 smoke demons
  An eye of devastation (Zig:1)
  6 torpor snails (Lair:6)
  29 naga magi
  4 orange demons
  A torpor snail (shapeshifter) (WizLab)
  11 vault sentinels
  A water nymph (Abyss:3)
  Psyche (D:8)
  4 gargoyles
  22 spiny frogs
  4 centaur skeletons
  2 spiny frogs (shapeshifter)
  A spriggan skeleton (Depths:1)
  A rime drake (Lair:6)
  2 yaktaurs (shapeshifter) (WizLab)
  An efreet (D:13)
  70 yaktaurs
  5 freezing wraiths
  2 hellwings
  12 komodo dragons
  A komodo dragon (shapeshifter) (D:14)
  A queen bee (shapeshifter) (WizLab)
  An ancient zyme (Abyss:3)
  2 meliai (shapeshifter) (WizLab)
  A polar bear (shapeshifter) (WizLab)
  A yaktaur skeleton (Vaults:2)
  2 tengu conjurers
  2 trolls (shapeshifter) (WizLab)
  4 blink frogs (Swamp:4)
  2 jumping spiders (Vaults:3)
  7 trolls
  A jumping spider (shapeshifter) (Vaults:3)
  Grinder (D:3)
  12 polar bears (IceCv)
  47 slime creatures
  A hippogriff (shapeshifter) (WizLab)
  21 two-headed ogres
  30 hornets
  7 tyrant leeches
  14 raiju
  2 wind drakes (shapeshifter)
  Prince Ribbit (D:5)
  11 bog bodies
  17 hippogriffs
  5 air elementals
  An ettin skeleton (Vaults:2)
  Sigmund (D:2)
  A frost giant simulacrum (Vaults:2)
  9 redbacks
  35 yaks
  An ice dragon skeleton (Depths:1)
  5 shadows
  3 wraiths
  5 spriggans
  9 water elementals
  A tarantella (Vaults:3)
  7 wyverns
  A ynoxinul (Abyss:3)
  5 basilisks
  A yak (shapeshifter) (WizLab)
  Grum (D:8)
  4 fire elementals (Snake:2)
  3 hungry ghosts
  2 golden eyes (shapeshifter)
  A chaos spawn (Depths:2)
  10 vampire mosquitoes (Swamp:3)
  A basilisk (shapeshifter) (WizLab)
  A yaktaur simulacrum (Vaults:3)
  11 large abominations
  Menkaure (D:7)
  2 mottled dragons
  14 swamp worms
  The ghost of Paps the Shield-Bearer, an amateur GrFi (D:3)
  85 nagas
  15 wargs
  A hell hound (shapeshifter) (D:12)
  2 soldier ants (shapeshifter) (WizLab)
  17 water moccasins
  10 hell hounds
  5 floating eyes
  A floating eye (shapeshifter) (WizLab)
  5 porcupines
  4 sky beasts
  An ettin simulacrum (Depths:1)
  3 black bears (shapeshifter)
  12 swamp drakes
  4 black bears
  2 eyes of draining (shapeshifter)
  61 orc warriors
  An eye of draining (D:14)
  4 ice beasts
  46 ogres
  A snapping turtle zombie (Depths:3)
  10 boggarts
  2 phantoms
  A centaur (shapeshifter) (Depths:5)
  A crocodile (shapeshifter) (Depths:1)
  28 wolves
  13 centaurs
  4 big kobolds
  5 crocodiles
  10 small abominations
  A human zombie (Vaults:2)
  15 bullfrogs
  3 gnoll sergeants
  A wyvern zombie (D:13)
  14 killer bees
  6 scorpions
  14 electric eels
  A vampire bat (D:13)
  8 wights (D:9)
  2 bullfrog zombies
  11 crimson imps
  40 orc priests
  10 hounds
  3 jellies
  A wyvern simulacrum (D:12)
  32 orc wizards
  2 quasits
  4 bullfrog skeletons
  Ijyb (D:3)
  Terence (D:2)
  5 iguanas
  3 hell rats (Lair:2)
  8 worker ants
  2 hound zombies
  2 hound skeletons
  18 gnolls
  32 adders
  5 river rats
  7 shadow imps
  15 white imps
  2 ufetubi
  A worm (D:3)
  A dart slug (D:3)
  3 leopard geckos (D:9)
  124 orcs
  6 giant cockroaches
  9 goblins
  6 hobgoblins
  10 jackals
  5 quokkas
  A ball python (D:4)
  14 bats
  3 frilled lizards
  A jackal skeleton (D:5)
  17 kobolds
  A quokka skeleton (D:4)
  A quokka zombie (D:9)
  13 rats
  5 briar patches (Swamp:4)
  A bush (Abyss:2)
  5 fungi
  A lurking horror (Abyss:3)
  17 plants
2131 creatures vanquished.

Vanquished Creatures (collateral kills)
  Frederick (Vaults:4)
  2 nagarajas (Snake:4)
  A deep elf sorcerer (Abyss:3)
  A draconian shifter (Depths:5)
  A blizzard demon (Zig:4)
  An ettin (D:13)
  A quicksilver dragon zombie (Depths:1)
  A hydra (D:12)
  2 rakshasas (Abyss:3)
  A spriggan air mage (Depths:5)
  5 naga warriors (Snake:4)
  4 naga sharpshooters (Snake:4)
  An unseen horror (D:13)
  An orc knight (Vaults:3)
  2 naga ritualists (Snake:4)
  A mana viper (Snake:4)
  A wolf spider (Lair:5)
  A manticore (D:13)
  An ugly thing (D:13)
  An iron dragon skeleton (Depths:1)
  2 naga magi (Snake:4)
  A water nymph (Abyss:3)
  2 guardian serpents (Snake:4)
  3 black mambas (Snake:4)
  2 yaktaurs (Vaults:3)
  2 freezing wraiths (Zig:4)
  A hippogriff (D:13)
  A raiju (Abyss:3)
  A water elemental (Abyss:3)
  15 nagas (Snake:4)
  2 wargs (Orc:2)
  A human skeleton (Zig:4)
  3 orc warriors
  An ogre (D:9)
  2 killer bees (D:12)
  2 orc priests
  A worker ant (D:12)
  An adder (D:12)
  3 orcs
76 creatures vanquished.

Vanquished Creatures (others)
  A fire giant (D:13)
  Nessos (Lair:4)
  A fire dragon (Depths:5)
  A naga sharpshooter (Snake:2)
  A spriggan druid (Swamp:2)
  A black mamba (Snake:3)
  3 spriggans (Depths:5)
  A boggart (Vaults:3)
  An orc priest (Orc:1)
  An orc wizard (Orc:2)
  A briar patch (Swamp:4)
  2 fungi
  15 plants
30 creatures vanquished.

Grand Total: 2237 creatures vanquished

Notes
Turn   | Place    | Note
-------+----------+-------------------------------------------
     0 | D:1      | StormySan the Minotaur Berserker began the quest for the Orb.
     0 | D:1      | Reached XP level 1. HP: 19/19 MP: 0/0
   176 | D:1      | Found a shattered altar of Ashenzari.
   367 | D:1      | Reached XP level 2. HP: 27/27 MP: 1/1
   672 | D:2      | Noticed Sigmund
   682 | D:2      | Killed Sigmund
   682 | D:2      | Reached skill level 5 in Axes
   682 | D:2      | Reached XP level 3. HP: 30/34 MP: 2/2
   682 | D:2      | Reached XP level 4. HP: 37/41 MP: 3/3
   682 | D:2      | Reached XP level 5. HP: 42/47 MP: 4/4
   797 | D:2      | Noticed Terence
   804 | D:2      | Killed Terence
  1300 | D:2      | Reached ** piety under Trog
  1513 | D:3      | Reached XP level 6. HP: 42/55 MP: 5/5
  1526 | D:3      | Reached skill level 5 in Fighting
  1576 | D:3      | Found a stormy altar of Qazlal.
  1734 | D:3      | Noticed a water elemental
  1735 | D:3      | Noticed a fire elemental
  1735 | D:3      | Noticed an air elemental
  1797 | D:3      | Noticed Ijyb
  1797 | D:3      | Noticed Grinder
  1797 | D:3      | Noticed Paps's ghost (amateur GrFi)
  1818 | D:3      | Killed Paps's ghost
  1818 | D:3      | Reached skill level 6 in Axes
  1840 | D:3      | Killed Ijyb
  1855 | D:3      | Killed Grinder
  1855 | D:3      | Reached skill level 5 in Armour
  1855 | D:3      | Reached XP level 7. HP: 38/61 MP: 6/6
  1927 | D:3      | Reached skill level 7 in Axes
  2172 | D:4      | Reached *** piety under Trog
  2241 | D:4      | Received a gift from Trog
  2968 | D:4      | Reached skill level 5 in Dodging
  2968 | D:4      | Reached XP level 8. HP: 63/70 MP: 7/7
  3035 | D:5      | Entered Level 5 of the Dungeon
  3089 | D:5      | Found Wiaphefau's Magic Scroll Boutique.
  3107 | D:5      | Reached skill level 8 in Axes
  3174 | D:5      | Gained mutation: Your muscles are strong. (Str +2) [mutagenic meat]
  3175 | D:5      | Gained mutation: You are robust. (+10% HP) [mutagenic meat]
  3176 | D:5      | Gained mutation: Your body sometimes deteriorates upon taking damage. [mutagenic meat]
  3177 | D:5      | Gained mutation: You possess an exceptional clarity of mind. [mutagenic meat]
  3178 | D:5      | Gained mutation: You are very robust. (+20% HP) [mutagenic meat]
  3344 | D:5      | Noticed Prince Ribbit
  3358 | D:5      | Killed Prince Ribbit
  3405 | D:5      | Reached skill level 9 in Axes
  3651 | D:6      | Noticed Agrougrou's ghost (novice OgGl)
  3664 | D:6      | Killed Agrougrou's ghost
  3664 | D:6      | Reached XP level 9. HP: 94/94 MP: 8/8
  3742 | D:6      | Reached skill level 10 in Axes
  4366 | D:6      | Found a staircase to the Ecumenical Temple.
  5160 | D:7      | Noticed Menkaure
  5163 | D:7      | Killed Menkaure
  5434 | D:8      | Reached skill level 11 in Axes
  5442 | D:8      | Reached **** piety under Trog
  5486 | D:8      | Found a shattered altar of Ashenzari.
  5488 | D:8      | Found a basalt altar of Yredelemnul.
  5490 | D:8      | Found an opulent altar of Gozag.
  5534 | D:8      | Noticed Grum
  5538 | D:8      | Reached XP level 10. HP: 106/108 MP: 9/9
  5547 | D:8      | Killed Grum
  5606 | D:8      | Found Cimmubb's General Store.
  5784 | D:8      | Noticed Psyche
  5793 | D:8      | Killed Psyche
  6482 | D:9      | Reached skill level 12 in Axes
  6614 | D:9      | Found a staircase to the Lair.
  6791 | D:9      | Noticed a green ugly thing
  6792 | D:9      | Noticed a five-headed hydra
  6797 | D:9      | Killed a green ugly thing
  6804 | D:9      | Killed a one-headed hydra
  6804 | D:9      | Reached XP level 11. HP: 118/118 MP: 10/10
  7143 | D:9      | Reached skill level 10 in Fighting
  7253 | D:10     | Entered Level 10 of the Dungeon
  7324 | D:10     | Reached skill level 13 in Axes
  7458 | D:10     | Reached ***** piety under Trog
  7876 | D:10     | Killed an unseen horror
  7992 | D:10     | Noticed a hill giant
  8002 | D:10     | Killed a hill giant
  8196 | D:10     | Noticed an ice dragon
  8299 | D:10     | Killed an ice dragon
  8299 | D:10     | Reached skill level 10 in Armour
  8348 | D:10     | Noticed a hill giant
  8357 | D:10     | Killed a hill giant
  8851 | D:11     | Got a scintillating silver amulet
  8865 | D:11     | Reached skill level 14 in Axes
  9410 | D:11     | Identified the amulet "Tycw" {Reflect rElec MR+ MP-9 SH+3} (You found it on level 11 of the Dungeon)
  9424 | D:11     | Gained mutation: You are partially covered in large bone plates. (SH +4) [potion of mutation]
  9424 | D:11     | Gained mutation: You have a pair of large horns on your head. [potion of mutation]
  9525 | D:11     | Reached skill level 10 in Dodging
  9614 | D:11     | Noticed a hill giant
  9626 | D:11     | Killed a hill giant
  9626 | D:11     | Reached XP level 12. HP: 121/132 MP: 2/11
  9961 | Lair:1   | Entered Level 1 of the Lair of Beasts
 10822 | Lair:2   | Reached skill level 15 in Axes
 10871 | Lair:2   | Found a staircase to the Snake Pit.
 10983 | Lair:2   | Found a labyrinth entrance.
 10992 | Lab      | Entered a labyrinth
 11080 | Lab      | Noticed a minotaur
 11096 | Lab      | Killed a minotaur
 11106 | Lab      | Got a scintillating diamond amulet
 11125 | Lab      | Reached ****** piety under Trog
 11127 | Lab      | Identified the amulet of the Final Decision {RegenMP +Blink rC+ MR+ Stlth+} (You found it in a labyrinth)
 11415 | Lair:2   | Received a gift from Trog
 11585 | Lair:3   | Noticed a five-headed hydra
 11593 | Lair:3   | Killed a one-headed hydra
 11996 | Lair:3   | Found a frozen archway.
 12001 | Lair:3   | Noticed Fannar
 12008 | Lair:3   | Noticed Rupert
 12019 | Lair:3   | Killed Fannar
 12026 | Lair:3   | Killed Rupert
 12036 | IceCv    | Entered an ice cave
 12044 | IceCv    | Reached skill level 16 in Axes
 12044 | IceCv    | Reached XP level 13. HP: 131/141 MP: 1/12
 12346 | IceCv    | Noticed a frost giant
 12361 | IceCv    | Killed a frost giant
 12774 | Lair:3   | Noticed Gastronok
 12783 | Lair:3   | Killed Gastronok
 12843 | Lair:3   | Found a staircase to the Swamp.
 13057 | Lair:4   | Received a gift from Trog
 13137 | Lair:4   | Reached skill level 17 in Axes
 13560 | Lair:4   | Noticed Nessos
 13575 | Lair:4   | Killed Nessos
 13640 | Lair:4   | Gained mutation: You evolve. [potion of beneficial mutation]
 13641 | Lair:4   | Gained mutation: You are partially covered in thin metallic scales. (AC +2) [potion of beneficial mutation]
 13686 | Lair:4   | Gained mutation: Your muscles are very strong. (Str +4) [evolution]
 14505 | Lair:6   | Entered Level 6 of the Lair of Beasts
 14604 | Lair:6   | Reached XP level 14. HP: 154/154 MP: 4/13
 14669 | Lair:6   | Received a gift from Trog
 14735 | Lair:6   | Found a runed door.
 14830 | Lair:6   | Received a gift from Trog
 14910 | Lair:6   | Paralysed by a hornet for 1 turns
 14914 | Lair:6   | Reached skill level 18 in Axes
 15014 | Lair:6   | Found a viscous altar of Jiyva.
 15016 | Lair:6   | Found a staircase to the Slime Pits.
 15540 | Lair:6   | Gained mutation: You can translocate small distances at will. [evolution]
 15678 | Lair:6   | Got an iridescent halberd
 15735 | Lair:6   | Identified the cursed +1 halberd "Julam" {chop, *Corrode rN++ MR+ Dex+3} (You found it on level 6 of the Lair of Beasts)
 16178 | D:12     | Found Jiseil's Distillery.
 16188 | D:12     | Bought a potion of heal wounds for 55 gold pieces
 16190 | D:12     | Found Qigeeddo's Book Shop.
 16251 | D:12     | Found a staircase to the Orcish Mines.
 16286 | D:12     | Received a gift from Trog
 16295 | D:12     | Found a roughly hewn altar of Beogh.
 16415 | D:12     | Found Igiel's Magic Scroll Shop.
 16418 | D:12     | Bought a scroll of brand weapon for 260 gold pieces
 16624 | D:12     | Noticed a frost giant
 16632 | D:12     | Killed a frost giant
 16849 | D:12     | Noticed a storm dragon
 16856 | D:12     | Killed a storm dragon
 16860 | D:12     | Noticed a tengu reaver
 16863 | D:12     | Killed a tengu reaver
 16863 | D:12     | Reached skill level 19 in Axes
 16896 | D:12     | Noticed a tengu reaver
 16897 | D:12     | Noticed a frost giant
 16901 | D:12     | Reached XP level 15. HP: 137/165 MP: 5/14
 16909 | D:12     | Killed a frost giant
 16911 | D:12     | Killed a tengu reaver
 17336 | D:12     | Found Teygaf's Weapon Shoppe.
 17388 | Orc:1    | Entered Level 1 of the Orcish Mines
 17408 | Orc:1    | Noticed Harold
 17421 | Orc:1    | Killed Harold
 17461 | Orc:1    | Found a roughly hewn altar of Beogh.
 17461 | Orc:1    | Noticed Erica
 17478 | Orc:1    | Killed Erica
 17854 | Orc:2    | Entered Level 2 of the Orcish Mines
 17854 | Orc:2    | Found a staircase to the Elven Halls.
 17854 | Orc:2    | Noticed an orc warlord
 17858 | Orc:2    | Noticed an orc warlord
 17865 | Orc:2    | Killed an orc warlord
 17866 | Orc:2    | Received a gift from Trog
 17879 | Orc:2    | Killed an orc warlord
 17955 | Orc:2    | Found a roughly hewn altar of Beogh.
 18025 | Orc:2    | Noticed Agrougrou's ghost (adept OgGl)
 18030 | Orc:2    | Noticed an orc warlord
 18040 | Orc:2    | Killed Agrougrou's ghost
 18051 | Orc:2    | Killed an orc warlord
 18539 | Orc:2    | Found Ycoibypn's General Store.
 18540 | Orc:2    | Found Girror's Jewellery Shop.
 18541 | Orc:2    | Found Jaloefie's Antique Armour Boutique.
 18541 | Orc:2    | Found Tofuku's Antique Weapon Boutique.
 18759 | Orc:1    | Found Liusan's Book Emporium.
 18759 | Orc:1    | Noticed Erolcha
 18763 | Orc:1    | Killed Erolcha
 18923 | D:13     | Found Emuvedua's Weapon Shoppe.
 18947 | D:13     | Found Leeress's Jewellery Shop.
 18994 | D:13     | Found Xakheuw's Gadget Shoppe.
 18998 | D:13     | Gained mutation: You are mostly covered in thin metallic scales. (AC +3) [evolution]
 19034 | D:13     | Received a gift from Trog
 19066 | D:13     | Noticed Urug
 19074 | D:13     | Killed Urug
 19142 | D:13     | Found Yphes's Weapon Shop.
 19197 | D:13     | Reached skill level 15 in Armour
 19274 | D:13     | Reached skill level 15 in Fighting
 19274 | D:13     | Reached skill level 20 in Axes
 19320 | D:13     | Found a runed gate.
 19320 | D:13     | Found a runed gate.
 19320 | D:13     | Found a runed gate.
 19330 | D:13     | Noticed a fire giant
 19332 | D:13     | Noticed a tengu reaver
 19337 | D:13     | Killed a fire giant
 19342 | D:13     | Killed a tengu reaver
 19360 | D:13     | Found a runed gate.
 19360 | D:13     | Found a runed gate.
 19360 | D:13     | Found a runed gate.
 19661 | D:13     | Reached XP level 16. HP: 171/178 MP: 6/15
 19908 | D:14     | Found a sacrificial altar of Ru.
 19993 | D:14     | Found a gate to the Vaults.
 20086 | D:14     | Noticed galech's ghost (journeyman DDFi)
 20122 | D:14     | Killed galech's ghost
 20432 | D:14     | Noticed winWinterter's ghost (journeyman TrHu)
 20450 | D:14     | Killed winWinterter's ghost
 20465 | D:15     | Entered Level 15 of the Dungeon
 20730 | D:15     | Received a gift from Trog
 21110 | D:15     | Found a staircase to the Depths.
 21484 | D:15     | Found a sacrificial altar of Ru.
 21822 | Swamp:1  | Entered Level 1 of the Swamp
 21870 | Swamp:1  | Got a fine marble ring
 21919 | Swamp:1  | Gained mutation: You are agile. (Dex +2) [evolution]
 22037 | Swamp:1  | Reached skill level 21 in Axes
 22157 | Swamp:1  | Identified the ring "Isetaus" {MR+ EV+6} (You found it on level 1 of the Swamp)
 22654 | Swamp:2  | Reached skill level 15 in Dodging
 24216 | Swamp:3  | Received a gift from Trog
 24242 | Swamp:3  | Reached XP level 17. HP: 184/189 MP: 4/16
 24579 | Swamp:4  | Entered Level 4 of the Swamp
 25030 | Swamp:4  | Noticed the 27-headed Lernaean hydra
 25067 | Swamp:4  | Killed the 22-headed Lernaean hydra
 25097 | Swamp:4  | Reached skill level 22 in Axes
 25557 | Swamp:4  | Got a decaying rune of Zot
 25698 | Swamp:1  | Received a gift from Trog
 26089 | Snake:1  | Entered Level 1 of the Snake Pit
 27337 | Snake:2  | Noticed Azrael
 27346 | Snake:2  | Killed Azrael
 27461 | Snake:2  | Received a gift from Trog
 27464 | Snake:2  | Got a warped battleaxe {god gift}
 27465 | Snake:2  | Identified the +3 battleaxe "Paloxior" {chop, Int+4 SInv} (Trog gifted it to you on level 2 of the Snake Pit)
 27868 | Snake:2  | Reached XP level 18. HP: 203/204 MP: 8/17
 28417 | Snake:2  | Found Hecw's Antique Armour Boutique.
 28716 | Snake:3  | Found Eminwong's Food Boutique.
 29700 | Snake:3  | Received a gift from Trog
 29927 | Snake:3  | Reached skill level 23 in Axes
 30142 | Snake:4  | Entered Level 4 of the Snake Pit
 30376 | Snake:4  | Received a gift from Trog
 30405 | Snake:4  | Gained mutation: You are resistant to electric shocks. (rElec) [evolution]
 30787 | Snake:4  | Got an encrusted war axe
 30788 | Snake:4  | Identified the +5 war axe of Conscience {antimagic, MP+9 Stlth+} (You found it on level 4 of the Snake Pit)
 31313 | Snake:4  | Reached XP level 19. HP: 188/214 MP: 9/18
 31356 | Snake:4  | Received a gift from Trog
 32178 | Snake:4  | Reached skill level 24 in Axes
 32195 | Snake:4  | Received a gift from Trog
 32207 | Snake:4  | Got a serpentine rune of Zot
 32715 | Vaults:1 | Entered Level 1 of the Vaults
 32999 | Vaults:1 | Found a stormy altar of Qazlal.
 33421 | Vaults:1 | Received a gift from Trog
 33544 | Vaults:1 | Found a radiant altar of Vehumet.
 33544 | Vaults:1 | Noticed a lich
 33552 | Vaults:1 | Killed a lich
 34175 | Vaults:2 | Received a gift from Trog
 34224 | Vaults:2 | Reached XP level 20. HP: 226/226 MP: 7/19
 34452 | Vaults:2 | Received a gift from Trog
 34611 | Vaults:2 | Reached skill level 25 in Axes
 34829 | Vaults:2 | Cast into level 2 of the Abyss (ironheart preserver)
 34829 | Abyss:2  | Found a corrupted altar of Lugonu.
 34848 | Abyss:2  | Found a corrupted altar of Lugonu.
 35209 | Abyss:3  | Received a gift from Trog
 35291 | Vaults:2 | Escaped the Abyss
 35709 | Vaults:2 | Received a gift from Trog
 35878 | Vaults:3 | Noticed Aizul
 35882 | Vaults:3 | Killed Aizul
 36273 | Vaults:3 | Received a gift from Trog
 36470 | Vaults:3 | Reached XP level 21. HP: 219/240 MP: 11/20
 37103 | Vaults:3 | Received a gift from Trog
 37150 | Vaults:3 | Found a staircase to the Crypt.
 37276 | Vaults:4 | Reached skill level 26 in Axes
 37375 | Vaults:4 | Noticed Frederick
 37387 | Vaults:4 | Killed Frederick
 37702 | Vaults:4 | Noticed an ancient lich
 37765 | Vaults:4 | Found a roughly hewn altar of Beogh.
 38209 | Vaults:4 | Noticed Sojobo
 38225 | Vaults:4 | Killed Sojobo
 38366 | Vaults:4 | Received a gift from Trog
 39000 | Depths:1 | Entered Level 1 of the Depths
 39145 | Depths:1 | Received a gift from Trog
 39198 | Depths:1 | Lost mutation: You have a pair of large horns on your head. [evolution]
 39198 | Depths:1 | Lost mutation: You evolve. [end of evolution]
 39360 | Depths:1 | Reached XP level 22. HP: 209/253 MP: 12/21
 39816 | Depths:1 | Found a gateway to Hell.
 40082 | Depths:2 | Reached skill level 27 in Axes
 40109 | Depths:2 | Received a gift from Trog
 40195 | Depths:2 | Found a one-way gate leading to the halls of Pandemonium.
 40672 | Depths:2 | Found Nezir's Weapon Shoppe.
 41153 | Depths:3 | Received a gift from Trog
 41521 | Depths:4 | Found a gateway to a ziggurat.
 41538 | Zig:1    | Entered Level 1 of a ziggurat
 41557 | Zig:1    | Gained mutation: You have sharp fingernails. [potion of beneficial mutation]
 41566 | Zig:2    | Entered Level 2 of a ziggurat
 41594 | Zig:3    | Entered Level 3 of a ziggurat
 41643 | Zig:4    | Entered Level 4 of a ziggurat
 41646 | Zig:4    | Noticed a shard shrike
 41668 | Zig:4    | Killed a shard shrike
 42020 | Depths:4 | Noticed Mennas
 42043 | Depths:4 | Killed Mennas
 42138 | Depths:4 | Found a magical portal.
 42147 | WizLab   | Entered Cigotuvi's Fleshworks
 42307 | WizLab   | Lost mutation: You possess an exceptional clarity of mind. [mutagenic glow]
 42630 | WizLab   | Gained mutation: You have large cloven feet. [potion of beneficial mutation]
 42631 | WizLab   | Gained mutation: You are resistant to hostile enchantments. (MR+) [potion of beneficial mutation]
 42632 | WizLab   | Gained mutation: You possess an exceptional clarity of mind. [potion of beneficial mutation]
 42769 | WizLab   | Received a gift from Trog
 42836 | WizLab   | Paralysed by a floating eye for 4 turns
 42874 | WizLab   | Reached XP level 23. HP: 246/264 MP: 13/22
 42935 | WizLab   | Got a flickering sapphire amulet
 42947 | WizLab   | Identified the amulet "Lifamu" {+Rage rF+ rN++ Str-5 Dex+4} (You found it in a wizard's laboratory)
 43186 | Depths:4 | Found a one-way gate to the infinite horrors of the Abyss.
 43399 | Depths:4 | Identified a +0 pair of boots of running (You found it on level 4 of the Depths)
 43637 | Depths:5 | Entered Level 5 of the Depths
 43644 | Depths:5 | Received a gift from Trog
 43665 | Depths:5 | HP: 4/267 [ice dragon/blast of cold (14)]
 43670 | Depths:5 | HP: 3/267 [???[a deep elf demonologist] (1)]
 43679 | Depths:5 | HP: 8/267 [death yak[a spriggan berserker] (2)]
 44333 | Depths:5 | Found a gate to the Realm of Zot.
 44707 | Depths:5 | Received a gift from Trog
 45483 | Slime:1  | Entered Level 1 of the Pits of Slime
 45678 | Slime:1  | Gained mutation: Armour fits poorly on your strangely shaped body. [a shining eye]
 45679 | Slime:1  | Gained mutation: Potions and wands are less effective at restoring your health. [a shining eye]
 45682 | Slime:1  | Lost mutation: You possess an exceptional clarity of mind. [a shining eye]
 45692 | Slime:1  | HP: 3/270 [acid (28)]
 45693 | Slime:1  | Splashed with acid

Skill      XL: |  1  2  3  4  5  6  7  8  9 10 11 12 13 14 15 16 17 18 19 20 21 22 23 |
---------------+----------------------------------------------------------------------+-----
Fighting       | 4 5 6 7 8 9 11 12 13 14 15 16 17 18 19 20 21 22 | 22.7
Axes           | 5 6 7 9 11 12 14 16 17 19 20 21 22 23 24 25 26 27 | 27.0
Armour         | 3 4 5 7 8 9 10 12 13 14 15 16 17 18 19 20 21 22 | 22.8
Dodging        | 3 4 5 6 7 8 10 11 12 13 14 15 16 17 18 19 20 21 | 21.6

Action                   |  1- 3 |  4- 6 |  7- 9 | 10-12 | 13-15 | 16-18 | 19-21 | 22-24 || total
-------------------------+-------+-------+-------+-------+-------+-------+-------+-------++-------
Melee: Hand axe          |    31 |   116 |   216 |   559 |    42 |    77 |       |       ||  1041
       Headbutt          |     5 |    20 |    39 |   144 |   185 |   283 |   364 |   247 ||  1287
       Battleaxe         |       |       |       |    42 |   726 |   943 |  1165 |   796 ||  3672
Throw: Tomahawk          |       |       |       |     2 |       |       |       |       ||     2
Invok: Trog's Hand       |       |     1 |     3 |     6 |     8 |     3 |    10 |     5 ||    36
       Berserk           |       |     1 |     2 |     6 |     5 |     3 |     6 |     3 ||    26
       Burn Spellbooks   |       |       |       |     2 |     2 |     2 |     3 |     4 ||    13
       Brothers in Arms  |       |       |       |     1 |     6 |     3 |    10 |     4 ||    24
 Abil: Blink             |       |       |       |       |       |       |       |     2 ||     2
Evoke: Wand              |       |       |       |       |     1 |     1 |       |     3 ||     5
       Phial of floods   |       |       |       |       |       |     1 |       |       ||     1
       Box of beasts     |       |       |       |       |       |       |       |     2 ||     2
  Use: Potion            |       |     1 |     1 |    11 |     3 |    11 |     3 |     6 ||    36
       Scroll            |       |       |     3 |    30 |    17 |    12 |     5 |    11 ||    78
 Stab: Distracted        |       |       |       |       |     1 |       |     1 |       ||     2
       Confused          |       |       |       |       |       |     1 |       |     1 ||     2
  Eat: Chunk             |       |     3 |    10 |    20 |    21 |    10 |    10 |     9 ||    83
       Pizza             |       |       |     1 |     2 |     1 |     2 |     2 |     1 ||     9
       Meat ration       |       |       |     2 |     1 |       |     2 |     5 |     2 ||    12
       Royal jelly       |       |       |       |     1 |     1 |       |       |     2 ||     4
       Fruit             |       |       |       |       |    13 |     7 |       |       ||    20
       Beef jerky        |       |       |       |       |       |    11 |     1 |       ||    12
       Bread ration      |       |       |       |       |       |       |       |     1 ||     1
Armor: Ring mail         |     7 |    44 |    38 |       |       |       |       |       ||    89
       Chain mail        |       |       |    17 |    95 |       |       |       |       ||   112
       Crystal plate arm |       |       |       |   139 |   483 |   546 |   372 |   347 ||  1887
Dodge: Dodged            |    21 |    65 |    95 |   212 |   329 |   649 |   723 |   561 ||  2655
Block: Other             |       |       |       |    51 |   215 |   251 |   288 |   222 ||  1027
       Reflection        |       |       |       |     3 |     9 |    24 |    57 |    10 ||   103
